 Dungeon Crawl Stone Soup version 0.29-a0-529-gfa20dd96a1 (webtiles) character file.

Game seed: 7827073903559015205

30 lesaewzxc the Cutter (level 3, -3/23 HPs)
             Began as a Kobold Berserker on May 25, 2022.
             Slain by a kobold
             ... wielding a +0 whip
              (5 damage)
             ... on level 2 of the Dungeon on June 1, 2022.
             The game lasted 00:07:47 (1087 turns).

lesaewzxc the Cutter (Kobold Berserker)             Turns: 1087, Time: 00:07:47

Health: -3/23      AC:  6    Str: 14    XL:     3   Next: 35%
Magic:  3/3        EV: 12    Int:  8    God:
Gold:   109        SH:  0    Dex: 16    Spells: 3/3 levels left

rFire   . . .      SeeInvis .   c - staff of earth
rCold   . . .      Faith    .   (shield currently unavailable)
rNeg    . . .      Spirit   .   g - +0 scale mail
rPois   .          Reflect  .   (no helmet)
rElec   .          Harm     .   (no cloak)
rCorr   .          Rampage  .   (no gloves)
Will    .....                   (no boots)
Stlth   +.........              (no amulet)
HPRegen 0.07/turn               (no ring)
MPRegen 0.08/turn               (no ring)

@: no status effects
A: small, no large weapons, nightstalker 3
a: no special abilities


You were on level 2 of the Dungeon.
You visited 1 branch of the dungeon, and saw 2 of its levels.

You collected 109 gold pieces.

Inventory:

Hand Weapons
 a - a +0 short sword
Armour
 b - a +0 animal skin
 g - a +0 scale mail (worn)
Magical Staves
 c - a staff of earth (weapon)
Scrolls
 d - a scroll of immolation
 e - 2 scrolls of amnesia
Potions
 f - a potion of flight {unknown}


   Skills:
 + Level 3.5 Fighting
 - Level 4.0 Short Blades
 * Level 1.0 Staves
 + Level 1.8 Armour
 * Level 3.1 Dodging
 + Level 0.6 Spellcasting


You had 3 spell levels left.
You didn't know any spells.
Your spell library was empty.

Dungeon Overview and Level Annotations

Branches:
Dungeon (2/15)

Altars:

Shops:
D:2 =


Innate Abilities, Weirdness & Mutations

You are small and have problems with some larger weapons.
You are completely attuned to the shadows.


Message History

The kobold is severely wounded.
The kobold closely misses you. The kobold misses you. x3
The kobold barely misses you.
You hit the kobold.
You kill the kobold!
The kobold closely misses you. The kobold barely misses you.
The kobold hits you but does no damage. The kobold hits you with a +0 dagger.
You barely miss the kobold. The kobold hits you but does no damage.
The kobold hits you with a +0 club. The kobold hits you but does no damage.
The kobold closely misses you.
You hit the kobold.
The kobold is heavily wounded.
The kobold barely misses you. The kobold hits you but does no damage.
The kobold hits you with a +0 club. The kobold hits you but does no damage.
The kobold misses you. The kobold hits you but does no damage.
The kobold barely misses you. The kobold completely misses you.
You hit the kobold but do no damage.
The kobold is heavily wounded.
The kobold hits you with a +0 short sword.
The kobold misses you. The kobold closely misses you.
The kobold hits you but does no damage.
You barely miss the kobold.
The kobold is heavily wounded.
The kobold closely misses you. The kobold misses you.
The kobold hits you with a +0 club.
* * * LOW HITPOINT WARNING * * *
The kobold misses you.
You hit the kobold.
You kill the kobold!
The kobold hits you but does no damage. The kobold closely misses you.
The kobold misses you.
You barely miss the kobold. The kobold barely misses you.
The kobold closely misses you. The kobold hits you but does no damage.
You hit the kobold but do no damage. The kobold closely misses you.
The kobold barely misses you. x2
You barely miss the kobold. The kobold misses you.
The kobold hits you but does no damage. The kobold hits you with a +0 dagger.
* * * LOW HITPOINT WARNING * * *
The kobold barely misses you. The kobold hits you with a +0 whip.
You die...

♣P♣♣♣♣#
...PPP#
....PP#
...KKP###
.§.)@...#
...K)##.#
....PP#.#
.≈.PP♣#.#
♣#♣♣♣♣#.####
####....##
##........##
#..........#
#.........[#


You could see 3 kobolds.

Vanquished Creatures
  A dart slug (D:2)
  A ball python (D:1)
  2 bats
  2 endoplasms
  2 giant cockroaches (D:2)
  2 goblins (D:1)
  4 hobgoblins
  5 kobolds
  A frilled lizard (D:1)
  5 rats
25 creatures vanquished.

Vanquished Creatures (others)
  3 plants (D:2)
3 creatures vanquished.

Grand Total: 28 creatures vanquished

Notes
Turn   | Place    | Note
-------+----------+-------------------------------------------
     0 | D:1      | lesaewzxc the Kobold Berserker began the quest for the Orb.
     0 | D:1      | Reached XP level 1. HP: 14/14 MP: 1/1
   139 | D:1      | Reached XP level 2. HP: 15/19 MP: 2/2
   243 | D:1      | Found a faded altar of an unknown god.
   331 | D:1      | Fell from the grace of Trog
   542 | D:1      | Upgraded the game from 0.29-a0-477-g62b78b4225 to
                  | 0.29-a0-529-gfa20dd96a1
   804 | D:2      | Reached XP level 3. HP: 18/23 MP: 3/3
   830 | D:2      | Reached skill level 1 in Staves
   974 | D:2      | Found Onnaecua's Jewellery Shop.
  1087 | D:2      | Slain by a kobold

Illustrated notes

Levels and vault maps discovered:
D:1:      lightli_molten_gateway, layout_loops_ring,
          hellmonk_ecumenical_altar_blasted
D:2:      wander_river, layout_rooms, serial_shops, nicolae_square_shop,
          chequers_serial_rivers_micro_b, lexackson_kobold_supper

Skill      XL: |  1  2  3 |
---------------+----------+-----
Dodging        | 3 |  3.1
Staves         | 1 |  1.0
Fighting       | |  3.5
Short Blades   | |  4.0
Armour         | |  1.8
Spellcasting   | |  0.6

Action                   || total
-------------------------++-------
Melee: Staff             ||    98
       Short sword       ||     8
       Punch             ||     1
  Use: Scroll            ||     2
       Potion            ||     1
 Stab: Sleeping          ||     3
Armor: Animal skin       ||     8
       Scale mail        ||    47
Dodge: Dodged            ||   106

Table legend: (Time is in decaauts)
 A = Elapsed time spent in this place.
 B = Non-inter-level travel time spent in this place.
 C = Inter-level travel time spent in this place.
 D = Time resting spent in this place.
 E = Time spent auto-exploring this place.
 F = Levels seen in this place.
 G = Mean time per level.
                   A        B        C        D        E       F      G
               +--------+--------+--------+--------+--------+-----+--------+
         Total |   1151 |   1151 |      0 |      0 |    308 |   2 |  575.5 |
       Dungeon |   1151 |   1151 |      0 |      0 |    308 |   2 |  575.5 |
               +--------+--------+--------+--------+--------+-----+--------+

Top non-repeatable levels by time:
     D:1: 776 daAuts
     D:2: 375 daAuts
